 Dungeon Crawl Stone Soup version 0.25-a0-403-g49d089a364 (webtiles) character file.

Game seed: 5352213991354714654, levelgen mode: deterministic

294 night the Grave Robber (level 6, -4/51 HPs)
             Began as a Draconian Necromancer on Jan 9, 2020.
             Was a Follower of Vehumet.
             Slain by an orc priest
             ... wielding a +0 hand axe
              (5 damage)
             ... on level 4 of the Dungeon.
             The game lasted 00:06:52 (3414 turns).

night the Grave Robber (Draconian Necromancer)      Turns: 3414, Time: 00:06:53

Health: -4/51      AC:  7    Str: 10    XL:     6   Next: 11%
Magic:  7/11       EV: 12    Int: 18    God:    Vehumet [*.....]
Gold:   165        SH:  0    Dex: 11    Spells: 2/11 levels left

rFire    . . .     SeeInvis .   v - +2 war axe (chop)
rCold    . . .     Gourm    .   (no shield)
rNeg     . . .     Faith    .   (armour unavailable)
rPois    .         Spirit   .   (helmet restricted)
rElec    .         Reflect  .   (no cloak)
rCorr    .         Harm     .   (no gloves)
MR       .....                  f - +0 pair of boots
Stlth    ++........             (no amulet)
HPRegen  0.17/turn              (no ring)
MPRegen  0.12/turn              (no ring)

@: no status effects
A: unfitting armour, cold-blooded, AC +6
a: Renounce Religion


You were on level 4 of the Dungeon.
You worshipped Vehumet.
Vehumet was aware of your devotion.
You were not hungry.

You visited 1 branch of the dungeon, and saw 4 of its levels.

You collected 165 gold pieces.

Inventory:

Hand Weapons
 c - a +0 spear of piercing
 m - a +2 mace of protection
 v - a +2 war axe of chopping (weapon)
Armour
 f - a +0 pair of boots (worn)
Jewellery
 x - an uncursed ring of see invisible {unknown}
Wands
 l - a wand of random effects (20)
 r - a wand of scattershot (5)
 s - a wand of disintegration (11)
 t - a wand of acid (4)
Scrolls
 a - a scroll of remove curse {unknown}
 d - a scroll of teleportation {unknown}
 e - 5 scrolls of identify {unknown}
 g - 2 scrolls of enchant armour {unknown}
 k - a scroll of immolation {unknown}
 o - a scroll of magic mapping {unknown}
 p - a scroll of noise {unknown}
Potions
 h - 2 potions of resistance
 i - a potion of degeneration {unknown}
 n - 3 potions of heal wounds
 q - a potion of berserk rage {unknown}
 w - a potion of mutation {unknown}
Comestibles
 b - 6 rations
 j - 21 chunks of flesh


   Skills:
 + Level 3.1 Fighting
 - Level 1.7 Dodging
 - Level 1.7 Stealth
 + Level 3.3 Spellcasting
 * Level 5.9 Necromancy


You had 2 spell levels left.
You knew the following spells:

 Your Spells              Type           Power        Failure   Level  Hunger
a - Pain                  Necr           ###.         1%          1    None
b - Vampiric Draining     Necr           ###.......   4%          3    ###....
c - Agony                 Necr           ###.....     36%         5    ######.

Your spell library contained the following spells:

 Spells                   Type           Power        Failure   Level  Hunger
 Shock                    Conj/Air       #...         16%         1    None
 Animate Skeleton         Necr           N/A          1%          1    None
 Animate Dead             Necr           N/A          14%         4    ####...


Dungeon Overview and Level Annotations

Branches:
Dungeon (4/15)
 Temple: D:4-7

Altars:
Dithmenos
Nemelex Xobeh
Vehumet


Innate Abilities, Weirdness & Mutations

Your plain brown scales are hard. (AC +6)
You cannot fit into any form of body armour.
You are cold-blooded and may be slowed by cold attacks.


Message History

The adder writhes in agony.
The orc priest miscasts a cantrip.
The adder completely misses you.
Casting: Pain (safe; 1% risk of failure)
Confirm with . or Enter, or press ? or * to list all spells.
Aiming: Pain (safe; 1% risk of failure)
Press: ? - help, Shift-Dir - straight line, f/p - adder
Aim: an adder (almost dead, chance to defeat MR: 88%)
The adder writhes in agony.
You kill the adder!
Vehumet accepts your kill.
You feel your power returning.
Casting: Pain (safe; 1% risk of failure)
Confirm with . or Enter, or press ? or * to list all spells.
Aiming: Pain (safe; 1% risk of failure)
Press: ? - help, Shift-Dir - straight line, f - orc priest
Aim: an orc priest, wielding a +0 hand axe (chance to defeat MR: 83%)
The orc priest writhes in agony.
The orc priest hits you with a +0 hand axe.
You die...

#...)..##.# . .
#......##.## #.
#......##..# ##
##.#######.# #
#.## #.# # ..##.
#.# # ..###.. #.#
######...##.#####
......o@.....#
###...###.......
#... ...#### ....
...# ... #### ##


You could see an orc priest.

Vanquished Creatures
  A scorpion (D:4)
  A jelly (D:3)
  An orc wizard (D:4)
  Terence (D:2)
  Robin (D:4)
  5 adders
  2 oozes
  3 worms
  3 dart slugs
  3 orcs (D:4)
  A ball python (D:1)
  9 bats
  4 giant cockroaches
  15 goblins
  7 hobgoblins
  4 jackals (D:3)
  2 quokkas
  2 frilled lizards (D:2)
  9 kobolds
  7 rats
81 creatures vanquished.

Notes
Turn   | Place    | Note
-------+----------+-------------------------------------------
     0 | D:1      | night the Draconian Necromancer began the quest for the
                  | Orb.
     0 | D:1      | Reached XP level 1. HP: 14/14 MP: 3/3
   465 | D:1      | Reached XP level 2. HP: 22/22 MP: 5/5
   765 | D:2      | Reached skill level 1 in Fighting
  1246 | D:2      | Reached XP level 3. HP: 28/28 MP: 6/6
  1254 | D:2      | Learned a level 3 spell: Vampiric Draining
  1542 | D:2      | Noticed Terence
  1550 | D:2      | Killed Terence
  1550 | D:2      | Reached XP level 4. HP: 27/36 MP: 5/7
  1735 | D:2      | Reached skill level 5 in Necromancy
  2025 | D:3      | Found a radiant altar of Vehumet.
  2108 | D:3      | Became a worshipper of Vehumet
  2326 | D:3      | Reached XP level 5. HP: 41/42 MP: 5/9
  2340 | D:3      | Learned a level 5 spell: Agony
  2675 | D:3      | Found a shadowy altar of Dithmenos.
  2675 | D:3      | Found a sparkling altar of Nemelex Xobeh.
  3201 | D:4      | Noticed Robin
  3235 | D:4      | Killed Robin
  3235 | D:4      | Reached * piety under Vehumet
  3235 | D:4      | Offered knowledge of Shock by Vehumet.
  3406 | D:4      | Reached XP level 6. HP: 20/51 MP: 9/11
  3414 | D:4      | Slain by an orc priest

Levels and vault maps discovered:
D:1:      lightli_iron_boxes, layout_basic, grunt_decor_one_mirror
D:2:      layout_loops_ring, uniq_terence
D:3:      layout_basic, vehumet_crystals, gammafunk_temple_overflow_wave
D:4:      layout_rooms, minmay_fire_ice_demons, uniq_robin,
          uniq_crazy_yiuf_cottage

Skill      XL: |  1  2  3  4  5 |
---------------+----------------+-----
Fighting       | 1 2 3 |  3.1
Necromancy     | 5 |  5.9
Spellcasting   | 3 |  3.3
Dodging        | |  1.7
Stealth        | |  1.7

Action                   |  1- 3 |  4- 6 || total
-------------------------+-------+-------++-------
Melee: Spear             |    77 |    86 ||   163
       Tailslap          |     4 |     7 ||    11
       War axe           |       |    41 ||    41
 Cast: Pain              |    21 |    29 ||    50
       Vampiric Draining |     1 |       ||     1
  Use: Potion            |       |     4 ||     4
 Stab: Sleeping          |     2 |     8 ||    10
  Eat: Chunk             |     2 |     7 ||     9
Armor: Skin              |    30 |    55 ||    85
Dodge: Dodged            |    43 |    78 ||   121

Table legend:
 A = Non-vault XP
 B = Vault XP
 C = Vault XP percentage of total XP
 D = Non-vault monster count
 E = Vault monster count
 F = Vault count percentage of total count
                 A         B        C        D         E       F
            +---------+---------+-------+---------+---------+-------
      Total |     346 |      75 |  17.8 |      67 |      14 |  17.3
            +---------+---------+-------+---------+---------+-------
        D:1 |      20 |       0 |   0.0 |      12 |       0 |   0.0
        D:2 |      66 |      36 |  35.3 |      25 |       1 |   3.8
        D:3 |      90 |       0 |   0.0 |      19 |       0 |   0.0
        D:4 |     170 |      39 |  18.7 |      11 |      13 |  54.2
            +---------+---------+-------+---------+---------+-------
